 Dungeon Crawl Stone Soup version 0.30-a0-283-gf371ce1921 (webtiles) character file.

Game seed: 7570342776678823144

1346 MrRokkomies the Trooper (level 8, -1/74 HPs)
             Began as an Armataur Delver on Oct 17, 2022.
             Was a Priest of Cheibriados.
             Slain by a steam dragon (9 damage)
             ... on level 6 of the Dungeon.
             The game lasted 00:13:21 (4478 turns).

MrRokkomies the Trooper (Armataur Delver)           Turns: 4478, Time: 00:13:21

Health: -1/74      AC: 14    Str: 24    XL:     8   Next: 36%
Magic:  12/12      EV:  6    Int: 22    God:    Cheibriados [***...]
Gold:   61         SH:  0    Dex: 20    Spells: 7/7 levels left

rFire   . . .      SeeInvis .    y - +1 double sword (vorpal)
rCold   . . .      Faith    .    (no shield)
rNeg    . . .      Spirit   .    z - +0 plate armour
rPois   .          Reflect  .    (no helmet)
rElec   .          Harm     .    B - scarf {shadows}
rCorr   .          Roll     +    (no gloves)
Will    .....                    (no barding)
Stlth   ..........               (no amulet)
HPRegen 0.32/turn                i - +4 ring of protection
MPRegen 0.13/turn                n - +6 ring of intelligence

@: very slow
A: large, rugged brown scales 3, deformed body, armoured tail, roll, long
tongue, awkward tongue
a: Renounce Religion, Bend Time, Temporal Distortion


You were on level 6 of the Dungeon.
You worshipped Cheibriados.
Cheibriados was most pleased with you.
You visited 1 branch of the dungeon, and saw 6 of its levels.

You collected 325 gold pieces.
You spent 264 gold pieces at shops.

Inventory:

Hand Weapons
 a - a +0 mace
 f - a +0 morningstar
 y - a +1 vorpal double sword (weapon)
Missiles
 h - 7 poisoned darts (quivered)
 m - 4 boomerangs of dispersal
 u - a boomerang
Armour
 b - a +1 leather armour
 l - the +1 leather armour of Wehici {Dex+3}
   (You found it on level 2 of the Dungeon)

   Dex:       It affects your dexterity (+3).
 s - a +0 chain mail
 z - a +0 plate armour (worn)
 B - a scarf of shadows (worn)
Jewellery
 i - a +4 ring of protection (left hand)
 j - an amulet of guardian spirit
 n - a +6 ring of intelligence (right hand)
 w - an amulet of faith
Wands
 g - a wand of digging (3)
 k - a wand of iceblast (4)
 x - a wand of acid (6)
Scrolls
 c - 2 scrolls of fog
 d - 2 scrolls of magic mapping
 e - a scroll of fear
 p - 4 scrolls of teleportation
 A - a scroll of identify
 C - a scroll of torment {unknown}
Potions
 o - a potion of magic
 q - a potion of heal wounds
 r - a potion of lignification
 t - 2 potions of cancellation
 v - a potion of brilliance {unknown}


   Skills:
 + Level 6.0 Fighting
 * Level 1.3 Long Blades
 - Level 1.7 Maces & Flails
 + Level 5.1 Armour
 - Level 3.2 Dodging
 - Level 5.4 Stealth
 * Level 5.3 Invocations


You had 7 spell levels left.
You didn't know any spells.
Your spell library contained the following spells:

 Spells                   Type           Power      Damage    Failure   Level
 Shock                    Conj/Air       0%         1d3       95%         1
 Swiftness                Air            0%         N/A       100%        3
 Airstrike                Air            0%         2d(0-16)  100%        4
 Summon Lightning Spire   Summ/Air       0%         N/A       100%        4
 Storm Form               Tmut/Air       0%         N/A       100%        7
 Maxwell's Capacitive Co  Air            0%         ∞         100%        8


Dungeon Overview and Level Annotations

Branches:
Dungeon (6/15)
 Temple: D:4-7

Altars:
Cheibriados

Shops:
D:3 [

Annotations:
D:3 3 runed translucent doors, lurch's ghost, amateur AtRe; mojasp's ghost, amateur NaRe


Innate Abilities, Weirdness & Mutations

You are completely covered in rugged brown scales. (AC +3, +7% HP)
Armour fits poorly on your strangely shaped body.
You have a long armoured tail.
You roll when moving toward enemies. (Rampage)
Your long tongue fully drains potion bottles. (2x potion effects)
Your tongue gives you trouble enunciating. (1.5x scroll delay)


Message History

The electric eel shoots out a bolt of lightning at you!
The bolt of electricity misses you.
You enter the shallow water.
Moving in this stuff is going to be slow.
The steam dragon breathes steam at you. The ball of steam hits you.
Why would you want to do that?
Unknown command.
The electric eel is engulfed in a cloud of scalding steam.
The electric eel shoots out a bolt of lightning at you!
The bolt of electricity hits you. The steam dragon bites you!
The steam dragon completely misses you.
You slash the steam dragon!
Your tail-slap misses the steam dragon.
The steam dragon is moderately wounded.
The steam dragon breathes steam at you. The ball of steam hits you!
The electric eel shoots out a bolt of lightning at you!
The bolt of electricity hits you.
Aiming: Corrosive Bolt
Press: ? - help, Shift-Dir - straight line, f - electric eel
Aim: an electric eel (water, moderately wounded, 53% to hit)
The bolt of acid hits the electric eel!
The electric eel is severely wounded.
You are engulfed in a cloud of scalding steam.
The electric eel shoots out a bolt of lightning at you!
The bolt of electricity hits you!
* * * LOW HITPOINT WARNING * * *
The steam dragon bites you but does no damage.
The steam dragon claws you but does no damage.
Aiming: Iceblast
Press: ? - help, Shift-Dir - straight line, p - electric eel The mass of ice explodes!
The iceblast engulfs the electric eel!
You kill the electric eel!
Cheibriados thoroughly appreciates the change of pace.
The iceblast engulfs the steam dragon!
The steam dragon is heavily wounded.
You are engulfed in a cloud of scalding steam.
* * * LOW HITPOINT WARNING * * *
The steam dragon bites you!
You die...

######### ........#
~~~~~~~.####
~≈≈~≈≈~.'§.#
≈≈≈≈≈≈~.##.##
≈~~~~~D@#...#
........#...#
#############.<.#
.#####..# ###........#
.#......###..........#
...####.##...........#
.....##..>...........#
#.....#..##..........#
..##........)........#


You could see a steam dragon (catching breath).

Vanquished Creatures
  Grinder (D:3)
  Sigmund (D:3)
  A black bear (D:4)
  An orc warrior (D:6)
  An ogre (D:5)
  2 necrophages
  A scorpion (D:5)
  An electric eel (D:6)
  A howler monkey (D:6)
  3 orc priests
  3 hounds
  2 orc wizards
  Ijyb (D:3)
  3 gnolls (D:3)
  5 adders
  A shadow imp (D:6)
  A white imp (D:5)
  An ufetubus (D:4)
  4 worms
  2 dart slugs
  18 orcs
  8 bats
  7 endoplasms
  4 giant cockroaches
  5 goblins
  4 hobgoblins
  2 quokkas
  10 ball pythons
  4 frilled lizards
  7 kobolds
  4 rats
109 creatures vanquished.

Vanquished Creatures (others)
  An orc wizard (D:6)
  A gnoll (D:3)
  2 fungi (D:6)
4 creatures vanquished.

Grand Total: 113 creatures vanquished

Notes
Turn   | Place    | Note
-------+----------+-------------------------------------------
     0 | D:5      | MrRokkomies the Armataur Delver began the quest for the
                  | Orb.
     0 | D:5      | Reached XP level 1. HP: 19/19 MP: 1/1
    48 | D:4      | Reached skill level 1 in Armour
    48 | D:4      | Reached XP level 2. HP: 24/26 MP: 2/2
    54 | D:4      | Reached skill level 3 in Fighting
   399 | D:1      | Reached XP level 3. HP: 33/33 MP: 3/3
   944 | D:2      | Identified the +1 leather armour of Wehici {Dex+3}
  1322 | D:3      | Found a faded altar of an unknown god.
  1326 | D:3      | Prayed at the altar of an unknown god.
  1326 | D:3      | Became a worshipper of Cheibriados the Contemplative
  1326 | D:3      | Reached * piety under Cheibriados
  1350 | D:3      | Noticed Sigmund
  1356 | D:3      | Reached XP level 4. HP: 24/40 MP: 2/4
  1389 | D:3      | Killed Sigmund
  1390 | D:3      | Reached skill level 4 in Fighting
  1390 | D:3      | Reached XP level 5. HP: 38/49 MP: 4/6
  1593 | D:3      | Noticed Grinder
  1601 | D:3      | Paralysed by Grinder for 4 turns
  1619 | D:3      | Paralysed by Grinder for 4 turns
  1631 | D:3      | Paralysed by Grinder for 2 turns
  1633 | D:3      | Killed Grinder
  1634 | D:3      | Reached XP level 6. HP: 43/56 MP: 4/8
  1700 | D:3      | Noticed Ijyb
  1713 | D:3      | Killed Ijyb
  2115 | D:3      | Reached XP level 7. HP: 64/64 MP: 9/9
  2147 | D:3      | Found Aned's Antique Armour Shop.
  2249 | D:3      | Reached ** piety under Cheibriados
  2415 | D:3      | Found a runed translucent gate.
  2416 | D:3      | Found a runed translucent gate.
  2416 | D:3      | Found a runed translucent gate.
  2417 | D:3      | Noticed mojasp's ghost (amateur NaRe)
  2417 | D:3      | Noticed lurch's ghost (amateur AtRe)
  2467 | D:3      | Reached skill level 5 in Fighting
  3696 | D:5      | Reached XP level 8. HP: 57/74 MP: 11/11
  4003 | D:5      | Reached skill level 5 in Invocations
  4262 | D:3      | Bought an embroidered scarf for 264 gold pieces
  4351 | D:6      | Identified a scroll of acquirement
  4351 | D:6      | Acquired a +1 vorpal double sword
  4403 | D:6      | Reached skill level 1 in Long Blades
  4403 | D:6      | Reached skill level 5 in Armour
  4406 | D:6      | Reached skill level 6 in Fighting
  4406 | D:6      | Reached *** piety under Cheibriados
  4478 | D:6      | Slain by a steam dragon

Illustrated notes

Levels and vault maps discovered:
D:1:      denvon_arrival_planthouse, layout_basic
D:2:      layout_basic, kennysheep_doodads, minivault_26
D:3:      layout_loops_corners, ebering_ecumenical_altar_box, serial_shops,
          shop, gammafunk_ghost_cemetery, kennysheep_orc_chapel, uniq_sigmund,
          uniq_grinder, uniq_ijyb
D:4:      layout_basic
D:5:      layout_loops_ring
D:6:      layout_rooms, minmay_temple_entry_statues_fountains,
          gup_sewer_entry_bowl, nrook_pool_corridor, dreamdust_mushroom_princess

Skill      XL: |  1  2  3  4  5  6  7  8 |
---------------+-------------------------+-----
Armour         | 1 2 3 4 5 |  5.1
Fighting       | 3 4 5 6 |  6.0
Dodging        | 2 3 |  3.2
Invocations    | 2 3 4 5 |  5.3
Long Blades    | 1 |  1.3
Maces & Flails | |  1.7
Stealth        | |  5.4

Action                   |  1- 3 |  4- 6 |  7- 9 || total
-------------------------+-------+-------+-------++-------
Melee: Mace              |   110 |    65 |   119 ||   294
       Tailslap          |     2 |    14 |    29 ||    45
       Morningstar       |       |       |    37 ||    37
       Double sword      |       |       |    31 ||    31
Throw: Dart              |     4 |       |       ||     4
Evoke: Wand              |       |       |     2 ||     2
  Use: Scroll            |     5 |       |     4 ||     9
       Potion            |     1 |     3 |     1 ||     5
 Stab: Sleeping          |    11 |     2 |       ||    13
       Distracted        |     1 |       |       ||     1
       Invisible         |       |     4 |       ||     4
Armor: Leather armour    |    53 |    19 |       ||    72
       Chain mail        |       |    12 |   129 ||   141
       Plate armour      |       |       |    43 ||    43
Dodge: Dodged            |    47 |    28 |    80 ||   155

Table legend: (Time is in decaauts)
 A = Elapsed time spent in this place.
 B = Non-inter-level travel time spent in this place.
 C = Inter-level travel time spent in this place.
 D = Time resting spent in this place.
 E = Time spent auto-exploring this place.
 F = Levels seen in this place.
 G = Mean time per level.
                   A        B        C        D        E       F      G
               +--------+--------+--------+--------+--------+-----+--------+
         Total |   5661 |   5282 |    379 |    159 |   4054 |   6 |  943.5 |
       Dungeon |   5661 |   5282 |    379 |    159 |   4054 |   6 |  943.5 |
               +--------+--------+--------+--------+--------+-----+--------+

Top non-repeatable levels by time:
     D:3: 1867 daAuts
     D:5: 1359 daAuts
     D:4: 1135 daAuts
     D:1: 591 daAuts
     D:2: 524 daAuts
     D:6: 182 daAuts
